 Dungeon Crawl Stone Soup version 0.28-a0-1555-g9ae15a6949 (webtiles) character file.

Game seed: 740350579674605699

50 kae the Insei (level 3, -5/26 HPs)
             Began as a Demonspawn Transmuter on Jan 18, 2022.
             Was an Initiate of Yredelemnul.
             Killed from afar by Natasha (6 damage)
             ... with a magic dart
             ... on level 2 of the Dungeon.
             The game lasted 00:01:28 (1852 turns).

kae the Insei (Demonspawn Transmuter)               Turns: 1852, Time: 00:01:29

Health: -5/26      AC:  2    Str: 10    XL:     3   Next: 55%
Magic:  5/6        EV: 12    Int: 16    God:    Yredelemnul [......]
Gold:   107        SH:  0    Dex: 13    Spells: 5/6 levels left

rFire   . . .      SeeInvis .     - Unarmed
rCold   . . .      Faith    .   (no shield)
rNeg    . . .      Spirit   .   a - +0 robe
rPois   .          Reflect  .   (helmet currently unavailable)
rElec   .          Harm     .   (no cloak)
rCorr   .          Rampage  .   (no gloves)
Will    .....                   (boots currently unavailable)
Stlth   +.........              (no amulet)
HPRegen 0.08/turn               (no ring)
MPRegen 0.10/turn               (no ring)

@: appendages, slowed, very slow
A: horns 2, talons 2, ignite blood 1
a: End Transformation, Renounce Religion, Recall Undead Harvest


You were on level 2 of the Dungeon.
You worshipped Yredelemnul.
Yredelemnul was noncommittal.
You had temporarily grown beastly horns and talons.
You visited 1 branch of the dungeon, and saw 2 of its levels.

You collected 107 gold pieces.

Inventory:

Armour
 a - a +0 robe (worn)
Jewellery
 b - a ring of see invisible
Scrolls
 e - a scroll of identify
Potions
 c - a potion of brilliance {unknown}
 d - 2 potions of ambrosia
 f - a potion of curing


   Skills:
 + Level 1.3 Fighting
 + Level 2.0 Dodging
 * Level 3.2 Unarmed Combat
 + Level 2.3 Spellcasting
 * Level 2.4 Transmutations
 + Level 0.5 Invocations


You had 5 spell levels left.
You knew the following spells:

 Your Spells              Type           Power      Damage    Failure   Level
a - Beastly Appendage     Tmut           18%        N/A       8%          1

Your spell library contained the following spells:

 Spells                   Type           Power      Damage    Failure   Level
 Wereblood                Tmut           9%         N/A       12%         2
 Blink                    Tloc           2%         N/A       30%         2
 Spider Form              Tmut/Pois      5%         N/A       36%         3
 Ice Form                 Ice/Tmut       5%         N/A       77%         4
 Manifold Assault         Tloc           1%         N/A       99%         5
 Storm Form               Tmut/Air       2%         N/A       100%        7


Dungeon Overview and Level Annotations

Branches:
Dungeon (2/15)

Altars:
Yredelemnul

Annotations:
D:2 Natasha


Innate Abilities, Weirdness & Mutations

You have temporarily grown beastly horns and talons.
Your demonic aura sometimes causes spilled blood to erupt in flames.


Message History

* * * LOW HITPOINT WARNING * * *
Your kobold zombie is engulfed in blazing flames.
You destroy your kobold zombie!
Your magical contamination has completely faded away.
Natasha claws your ball python zombie.
Your ball python zombie misses Natasha.
Your ball python zombie grabs Natasha.
Your ball python zombie constricts Natasha.
You feel better. Natasha claws your ball python zombie!
Your ball python zombie is destroyed!
Natasha growls.
Natasha casts a spell.
Casting: Beastly Appendage (safe; 8% risk of failure)
Confirm with . or Enter, or press ? or * to list all spells.
You don't know that spell.
There are monsters nearby!
Unknown command.
Casting: Beastly Appendage (safe; 8% risk of failure)
Confirm with . or Enter, or press ? or * to list all spells.
You grow a pair of large bovine horns.
Your feet morph into talons.
Natasha casts a spell at you. The magic dart hits you.
* * * LOW HITPOINT WARNING * * *
The shadow imp closely misses you. Natasha claws you but does no damage.
The shadow imp hits you.
* * * LOW HITPOINT WARNING * * *
You closely miss Natasha. You headbutt Natasha.
Natasha is lightly wounded.
Natasha stares at you and mumbles some strange words.
You feel yourself slow down.
You closely miss Natasha. You claw Natasha, but do no damage.
Your headbutt misses Natasha.
Natasha is lightly wounded.
The shadow imp hits you.
* * * LOW HITPOINT WARNING * * *
Natasha closely misses you.
The shadow imp hits you but does no damage.
Natasha casts a spell at you. The magic dart hits you.
You die...
Your body rises from the dead as a mindless zombie.

.# #..##.#
#................. .#
#..##.#
#.#####.##..#.....
.###(###########
############
...#............
####.####.####.#
#.#..'.'..#.#
#Z#..#.#.Z#g#
#Z#'##.#'##h#+##.#+##
#..........5.@.......
###
#.#+##.#+##.#+##.#+##
#.. #.# #.# #.# #.#
#.# +.+ #.# #.# #.#
#.. ... ### ###


You could see Natasha and a shadow imp (summoned).

Vanquished Creatures
  An adder (D:2)
  3 bats
  3 hobgoblins
  2 kobolds (D:2)
  5 ball pythons
  2 ball python zombies (D:2)
  A kobold zombie (D:2)
  A rat (D:2)
18 creatures vanquished.

Vanquished Creatures (collateral kills)
  Jessica (D:2)
1 creature vanquished.

Vanquished Creatures (others)
  A ball python zombie (D:2)
1 creature vanquished.

Grand Total: 20 creatures vanquished

Notes
Turn   | Place    | Note
-------+----------+-------------------------------------------
     0 | D:1      | kae the Demonspawn Transmuter began the quest for the Orb.
     0 | D:1      | Reached XP level 1. HP: 15/15 MP: 3/3
  1160 | D:2      | Found a basalt altar of Yredelemnul.
  1170 | D:2      | Gained mutation: Your demonic aura sometimes causes spilled
                  | blood to erupt in flames. [demonic ancestry]
  1170 | D:2      | Reached XP level 2. HP: 21/21 MP: 3/5
  1260 | D:2      | Became a worshipper of Yredelemnul the Dark
  1434 | D:2      | Reached skill level 3 in Unarmed Combat
  1582 | D:2      | Noticed Jessica
  1592 | D:2      | Killed Jessica
  1593 | D:2      | Reached XP level 3. HP: 16/26 MP: 4/6
  1837 | D:2      | Noticed Natasha
  1851 | D:2      | HP: 1/26 [shadow imp[Natasha] (3)]
  1852 | D:2      | Killed from afar by Natasha

Illustrated notes

Levels and vault maps discovered:
D:1:      giann_forest_graveyard, layout_loops_ring, serial_forest,
          infiniplex_forest_clump_C, infiniplex_forest_clump_double,
          infiniplex_forest_clump_curved, infiniplex_forest_diagonal,
          infiniplex_forest_straight_2
D:2:      minmay_door_path, layout_loops_ring, basic_altar, lemuel_flame_loot_1,
          uniq_natasha, uniq_jessica

Skill      XL: |  1  2 |
---------------+-------+-----
Transmutations | 2 |  2.4
Unarmed Combat | 3 |  3.2
Dodging        | 2 |  2.0
Fighting       | |  1.3
Spellcasting   | |  2.3
Invocations    | |  0.5

Action                   || total
-------------------------++-------
Melee: Unarmed           ||    50
       Headbutt          ||     6
       Kick              ||     9
       Punch             ||     1
 Cast: Beastly Appendage ||    17
  Use: Scroll            ||     3
       Potion            ||     1
Armor: Robe              ||    11
Dodge: Dodged            ||    41

Table legend: (Time is in decaauts)
 A = Elapsed time spent in this place.
 B = Non-inter-level travel time spent in this place.
 C = Inter-level travel time spent in this place.
 D = Time resting spent in this place.
 E = Time spent auto-exploring this place.
 F = Levels seen in this place.
 G = Mean time per level.
                   A        B        C        D        E       F      G
               +--------+--------+--------+--------+--------+-----+--------+
         Total |   1849 |   1808 |     41 |    125 |   1492 |   2 |  924.5 |
       Dungeon |   1849 |   1808 |     41 |    125 |   1492 |   2 |  924.5 |
               +--------+--------+--------+--------+--------+-----+--------+

Top non-repeatable levels by time:
     D:2: 977 daAuts
     D:1: 872 daAuts
